[Event "Oregon Open"]
[Site "Chess.com"]
[Date "2020.09.05"]
[Round "2"]
[White "Lenderman, Aleksandr"]
[Black "Gottumukkala, Ananth"]
[Result "1-0"]
[ECO "B09"]
[WhiteElo "2717"]
[BlackElo "1785"]
[Annotator "Aleksandr Lenderman"]
[PlyCount "73"]
[EventDate "2020.09.05"]
[EventType "swiss"]
[EventRounds "6"]
[TimeControl "5400+30"]

{[%evp 0,73,19,38,75,73,85,92,86,39,41,34,112,83,87,74,68,71,52,39,33,31,19,
-11,-18,-18,51,32,47,68,66,57,69,65,94,84,95,61,123,123,138,106,125,96,96,106,
136,129,121,149,149,174,170,168,161,170,215,183,201,186,270,275,334,334,324,
313,341,341,326,301,314,318,328,358,379,391] After taking a bye in round 1, in
round 2 I am playing against a very under-rated player who won his first game
against a higher player and has won against many higher players in the
Washington State online tournaments from what I noticed. Despite his
relatively low rating, slightly under 1800, I estimate his real strength to be
at minimum expert. Therefore, I expected a tough game.} 1. e4 {I normally play
1)d4 or 1)Nf3, but I decided to play 1)e4 to play a sharp game against his
Pirc Defence, which he plays all the time. By the way, his chess.com nickname
also partially gives it away :)} d6 2. d4 Nf6 3. Nc3 g6 4. f4 Bg7 5. Nf3 c5 $5
{Here he surprised me. Even though c5 is one of the main lines here, from what
I saw on chess.com, he always castled on move 5, and I was looking forward to
playing some interesting sharp positions. I had some basic knowledge as white
against 5)...c5 but very soon, I was improvising.} (5... O-O 6. Bd3 Nbd7 {
This is something that he was always playing and I was looking forward to some
sharp complications after} 7. e5 Ne8 8. Ng5 $5) 6. dxc5 (6. Bb5+ {The other
main move to my knowledge is Bb5+, but I have a feeling he was theoretically
more equipped than me there.} Bd7 7. e5 Ng4 {with lots of theory to follow.})
6... Qa5 {Of course, the point of this line.} (6... dxc5 $2 7. Qxd8+ Kxd8 8. e5
$16 {Would be just bad for black where I have center, and lead in development.}
) 7. Qd3 {A tricky move} (7. Qd4 $5 {Is another line.} O-O (7... dxc5 8. Qc4
O-O 9. Qb5 Qxb5 10. Bxb5 $14) 8. Bd2 Nc6 (8... dxc5 9. Qg1) 9. Qc4) 7... Qxc5 (
7... Nxe4 {Can be tempting but loses badly to} 8. Qb5+ $1 Qxb5 9. Bxb5+ {
And white wins a piece.}) 8. Be3 Qa5 9. Qb5+ Qxb5 10. Nxb5 (10. Bxb5+ {This
might've also been possible.} Nc6 (10... Bd7) 11. O-O-O) 10... Na6 11. Bd4 {
I thought this is logical, to activate my bishop, pin his knight, and
stabilize, but the engine isn't a fan of it.} (11. Nc3 O-O 12. O-O-O Nc7 $11 {
However, doesn't yield much to white either.}) (11. Nxa7 $6 {Isn't so great
because of} Bd7 12. e5 Nd5 13. Bf2 Nc5 {And black has very good counterplay
here and will at minimum get the f4 pawn back.}) 11... O-O 12. e5 Nd5 $2 {
This move is my opponent's first serious mistake of the game.} (12... dxe5 {
Was very important so that I don't get a chance to take on d6 and weaken his
pawn.} 13. fxe5 Nd5 {And here black is totally fine since white cannot really
take on a7 safely.} 14. Nxa7 $2 (14. Bxa7 Nab4) 14... Nab4 $17 {White simply
doesn't have a great way to defend all his weak spots like c2 and his pieces
lack coordination.}) 13. exd6 exd6 14. O-O-O Nxf4 15. Be3 {This is interesting
to drive his knight to an awkward square.} Ne6 16. Nxd6 Nac5 17. Bc4 Rb8 {
Here I felt much that I was much better because of much better piece
coordination. However, I spent a lot of time here to try to find a knockout. I
was already looking at sacrifices on f7 but unfortunately they didn't quite
lead to something I liked.} 18. Rhf1 {I felt that this shouldn't be bad since
I'm bringing my last piece into the game, to a semi-open file where I can
target one of his weaknesses. My other two serious candidate moves were} (18.
Nxf7 {I was trying to make it work but} Rxf7 19. Bxc5 Bh6+ $3 {A very
important move without which black will be lost.} (19... Nxc5 $2 20. Rd8+ Bf8
21. Ng5 $18 {Black is totally paralyzed here and loses material.}) 20. Kb1 Nxc5
21. Rd8+ Kg7 {Now black has the g7 square for the king.} 22. Bxf7 Kxf7 23. Ne5+
Ke7 {And black is definitely alive, I couldn't find the knockout here, and it
turned out that indeed, there is no knockout here.}) (18. Rhe1 $1 {Objectively
this move was probably the best. It turns out that in complications, the rook
on e1 is slightly better placed than on f1. However, it is very hard for a
human to see all that and notice these subtle differences.} Na4 {Now if black
tries to do what he did in the game} 19. c3 b5 20. Bxa7 Ra8 21. Nxb5 Ba6 22.
Rd7 Nac5 23. Re7 Bf6 24. Bxc5 Nxc5 25. Rc7) 18... Na4 $5 19. c3 b5 $1 {Lots of
credit goes to black here for finding a creative way to create counterplay and
make it messy and complicated, forcing me to continue to calculate.} 20. Bd5 $6
{Not the best move for me in this critical moment. It was just hard for me to
navigate through all these complications.} (20. Bxa7 $6 {This move didn't seem
to work for white.} Ra8 21. Nxb5 Ba6 22. Bd4 Rfb8 {Black has more counterplay
than I would like to see on these open files against my king.}) (20. Bxb5 $1 {
Was good for white.} Nxb2 21. Kxb2 a6 {I kind of stopped here thinking it's
good for black but} 22. Ba7 $1 Ra8 (22... Rxb5+ 23. Nxb5 axb5 24. a3 $16) 23.
Be8 $3 {A brilliant move, cutting communication between black's pieces and now
he loses material.} Rxa7 24. Nxc8 Rb7+ 25. Kc2 Rxe8 26. Nd6 $18 {I will be
winning here up an exchange.}) (20. Bb3 $5 {I also considered this. However, I
didn't quite see all the details after that.} Nac5 21. Bxc5 $1 (21. Bd5 {
I only considered Bd5 here but} b4 {seemed to be annoying}) 21... Nxc5 22.
Bxf7+ $1 Kh8 (22... Rxf7 23. Nxf7 Kxf7 24. Ng5+ Ke8 25. Rfe1+ $18) 23. Bd5 $16)
20... b4 $1 {Continuing strong energetic play. As they say, when you say A,
you want to say B!} (20... Nb6 21. Bb3 $16 {I was counting on this, where I
felt that I have a pretty safe advantage and I kill the complications.} a5 22.
a3) 21. Bxa7 Ba6 22. Bxb8 $6 {Again not the best.} (22. Rfe1 bxc3 23. b3 Nb2 {
Seemed very risky for me but} 24. Bxb8 Rxb8 25. Nxf7 $1 {The key move, after
which white ends up being on top, though it's still a bit tricky.}) 22... Rxb8
$6 {Here black erred.} (22... Bxf1 {I think it was important to regain the
material here.} 23. Rxf1 Rxb8 24. Nxf7 {I was hoping that this move would work
but it doesn't.} (24. Bxe6 fxe6 25. Nc4 bxc3 26. b3 {This line ultimately is
best, keeping me with some advantage, though black can still make white's task
quite hard.} Nc5 27. Kc2 Ra8 28. a3 e5 29. b4 e4 {Still with some
counterchances.}) 24... Kxf7 25. Nd4+ Ke7 26. Nxe6 (26. Nc6+ Kd6 27. Nxb8 Kxd5
28. c4+ Kd6 {Is also not so clear.}) 26... bxc3 $3 27. Nxg7 cxb2+ 28. Kc2 b1=Q+
29. Rxb1 Rxb1 30. Kxb1 Nc3+ 31. Kb2 Nxd5 32. Kb3 Kf7 33. a4 Kxg7 34. a5 {
And white is the one who has to fight for the draw, though he probably makes
it, since the black king is far from the a-pawn and knights are nutoriously
bad in dealing with the a or h pawns.}) 23. Bc4 $6 {Now it's my turn to be a
bit imprecise.} (23. c4 $1 {I really wanted to play this move to shut down his
bishop and keep my strong construction. However, I just couldn't quite work
out what to do against b3.} b3 24. axb3 {It turns out that it's just very good
for white.} Rxb3 25. Bxe6 Bxb2+ 26. Kc2 Rc3+ 27. Kb1 fxe6 28. Nd2 $18 {It
looks menacing, but white is up an exchange, black's bishop on a6 is out of
play, and black's king isn't totally safe either.}) (23. Rfe1 {Is also good.}
bxc3 24. b3 Nb2 25. Nxf7 {Again that Nxf7 appears.}) 23... Bxc4 $6 {I was very
happy to see this played, since I knew that now I'm in relatively safe waters.}
(23... bxc3 {This move quite concerned me, and even though I saw this move, I
still couldn't quite find anything better than Bc4 somehow.} 24. b3 Nb2 $1 {
Sacrificing more material but} 25. Bxa6 Nxd1 26. Rxd1 Ra8 {And suddenly black,
despite being down a piece has serious counterplay because my pieces are
uncoordinated. If I move the bishop, he has Rxa2 and that pawn on c3 becomes a
big nuance. My best now is to give back the piece and still be better due to
my passed pawns.} 27. a4 (27. Bc4 $2 Rxa2 28. Re1 Bh6+ 29. Kb1 Rb2+ 30. Ka1
Rxg2 {Is one line that shows how dangerous it can be for white. Not clear how
I should stop the pawn now.}) 27... Rxa6 28. Nb5 $16) 24. Nxc4 bxc3 25. b3 Nb2
$6 {Natural but missing the last chance.} (25... Ra8 $3 {Was still a chance
since} 26. bxa4 Rxa4 27. Ne3 Bh6 28. Rfe1 Rxa2 {Here despite me up a rook,
it's still quite hard for me to play.}) 26. Nxb2 cxb2+ 27. Kb1 Nc7 {A good
attempt but thankfully, I can defend here.} 28. Nd4 {Taking away the b5 square,
from where the knight would attack the a3 and c3 squares.} Nd5 29. Rf3 {
Making sure to cover the c3 square.} Rd8 30. Ne2 Re8 31. Rxd5 Rxe2 32. Rd8+ Bf8
33. b4 {Now my pawns will be unstoppable.} Kg7 34. Rb3 Be7 35. Rd1 Bf6 36. a4
Rxg2 37. a5 {AlexanderL won by resignation. A very interesting tough battle. I
was very happy to win it in the end but also have my brain be really forced to
work.} 1-0

[Event "Oregon Open"]
[Site "Chess.com"]
[Date "2020.09.06"]
[Round "4"]
[White "Tang, Zoey"]
[Black "Lenderman, Aleksandr"]
[Result "0-1"]
[ECO "A80"]
[WhiteElo "2097"]
[BlackElo "2717"]
[Annotator "Aleksandr Lenderman"]
[PlyCount "66"]
[EventDate "2020.09.05"]
[EventType "swiss"]
[EventRounds "6"]
[TimeControl "5400+30"]

{[%evp 0,66,19,9,75,53,72,71,88,91,97,46,75,60,45,22,11,-18,35,13,51,54,33,49,
32,32,49,-83,-85,-125,-117,-237,-55,-72,-72,-72,-122,-169,-155,-199,-110,-104,
-104,-129,-129,-158,-120,-124,-43,-85,-113,-132,-118,-114,-141,-141,-141,-213,
-248,-391,-288,-629,-356,-523,-385,-853,-853,-1078,-1971] After another bye in
round 3, In round 4, I played Zoey Tang, a young female player, rated around
2100. She had 2.5 and just beat a master player, so I knew she would be
dangerous. I was looking forward to an interesting fight.} 1. d4 f5 $5 {
Going for a sharp fight right away.} 2. Bg5 {This was played instantly. I have
a feeling she must've expected the Dutch slightly since I recently played it
in another tournament against GM Aleksandrov.} g6 (2... h6 3. Bh4 g5 4. e3 Nf6
{Is another line.} (4... gxh4 $4 5. Qh5#)) (2... c6 {Is also a line as a
vaguely recall but probably not the best one.}) 3. Nc3 Bg7 4. e3 (4. e4 fxe4 5.
Nxe4 d5 {As far as I knew, this is supposed to be decent for black.}) 4... Nf6
$6 (4... h6 {I have a feeling that I might've chosen a wrong move order.} 5.
Bf4 (5. Bh4 d6 {With an interesting Dutch fight.}) 5... Nf6) 5. h4 $1 h6 $2 {
Apparently this is already bad.} (5... c6 {Maybe this move was the lesser of
the evils, with the idea of d5.} 6. h5 Ne4 {White might be better but it seems
like black is fighting.}) 6. Bf4 $2 {Transposing into well-known theoretical
lines but not taking advantage of an unexpected chance.} (6. Bxf6 $1 Bxf6 7.
Qf3 d6 8. O-O-O $16 {White has a nearly winning position already, with black's
king being so compromised.}) 6... d6 7. Bd3 (7. Bc4 e6) 7... O-O {This is
probably objectively ok still but flirting with danger. I don't understand why
I simply didn't play} (7... Nc6 {And now I have flexibility in my ideas. Black
is probably for choice here. It also stops e4, one of his ideas.} 8. d5 (8. e4
$2 Nxd4) (8. Nf3 {And only after this I can castle but I don't even have to.}
O-O (8... Nb4 9. Bc4 e6 $11) 9. Qd2 Nb4) 8... e5 $1 9. dxc6 exf4 $17) 8. Qd2
Nh5 $6 {This is quite poor. Somehow I failed to realize that I'm not really
ever threatening to take on f4.} (8... Nc6 {Was again asking to be played.} 9.
e4 (9. O-O-O Qe8 (9... Kh7)) 9... fxe4 10. Nxe4 Ng4 11. f3 d5 12. Nc3 e5 $1 {
With a messy but good position for black. Now white has to be careful not to
get under a serious initiative.} 13. dxe5 d4 14. Ne4 Rxf4 $1 15. Qxf4 Ne3) 9.
O-O-O (9. Bh2 e5 {Was my plan. Even here, white is doing well.}) 9... e6 $6 {
Here I'm definitely overanalyzing.} (9... Nxf4 10. exf4 e6 (10... Bxd4 $6 11.
Bc4+) (10... h5 11. Nf3) 11. h5 $16 {White has a strong attack.}) (9... Nc6 {
Again, this was the best choice.}) 10. Nge2 Qf6 11. f3 e5 12. Bh2 Nc6 {At last!
} 13. g4 $6 {Very tempting but probably not best. However, I did expect this
move, and I might've played it myself.} (13. Bc4+ Kh8 14. Nd5 Qd8 15. dxe5 dxe5
16. Qe1 $16 {Was objectively stronger.}) 13... fxg4 14. fxg4 Bxg4 15. Rhg1 $2 {
Looks logical but actually it just gives up the pawn on h4 with tempo.} (15.
Nd5) 15... Bf5 $2 (15... Qxh4 {Don't ask me why I didn't take this pawn :)})
16. e4 Bd7 17. Bc4+ $2 {I didn't understand this move. It pushes my king to go
to where it wants to anyway, that is to defend my g6 pawn and free my queen.} (
17. Nd5 Qxh4 18. Rxg6 {Would lead to a mess since} Qxh2 $4 (18... Kh7 19. Rg2 {
Is objectively around equal.}) 19. Qxh6 Rf7 20. Rdg1 {Leads to a winning
attack for white.}) 17... Kh7 18. Rg2 $6 {Also losing a tempo.} Bh3 19. Rgg1
Nxd4 $6 {A poor move, giving white unnecessary counterplay.} (19... Qxh4 {
Is sort of game over without too much counterplay.}) 20. Nxd4 exd4 21. Nd5 Qxh4
22. Nxc7 Rad8 (22... Rac8 $2 {At first I thought I can just play here and win,
but I forgot that white can take on d6 and defend everything.} 23. Bxd6) (22...
Rf2 23. Nxa8 Rxd2 24. Rxd2 Bf6 $19 {Was also good for black.}) 23. Qb4 Nf4 24.
Kb1 Qe7 25. Nb5 (25. Bxf4 Qxc7 26. Bc1 {Here white is down two pawns but still
has some small compensation. Probably it was better for white to eliminate my
knight earlier.}) 25... Qxe4 26. Rge1 Qg2 27. Bxf4 Rxf4 28. Nxa7 $6 {This just
loses.} (28. Rg1 {Is also losing for white in the long run, but the game
continues.} Qc6 $17) 28... d3 $1 {Probably my only good move of the game! The
idea is to activate two of my pieces, my bishop and rook and create many new
tactical possibilites. Now white is just lost.} 29. Rxd3 d5 30. b3 Bf5 31. Rd2
Qg5 32. Red1 dxc4 {A cute little finish.} 33. Rxd8 Qxd8 {AlexanderL won by
resignation. White resigned since taking the queen would lead to quick mate
after Rf1+. A back and forth game, definitely an interesting game, but
definitely my hope is to be able to navigate through the complications better.}
0-1